 Dungeon Crawl Stone Soup version 0.26.1-11-gd32895ea62 (webtiles) character file.

Game seed: 484541678088538131

722 heartgrenade the Skirmisher (level 7, -3/66 HPs)
             Began as a Minotaur Fighter on June 22, 2021.
             Engulfed by a cloud of flame (23 damage)
             ... on level 4 of the Dungeon.
             The game lasted 00:28:47 (2909 turns).

heartgrenade the Skirmisher (Minotaur Fighter)      Turns: 2909, Time: 00:28:48

Health: -3/66      AC: 10    Str: 26    XL:     7   Next: 43%
Magic:  6/6        EV:  8    Int:  5    God:
Gold:   122        SH: 12    Dex: 12    Spells: 6/6 levels left

rFire    . . .     SeeInvis .   a - +0 long sword
rCold    . . .     Faith    .   c - +1 kite shield
rNeg     . . .     Spirit   .   b - +0 scale mail
rPois    +         Reflect  .   (helmet restricted)
rElec    .         Harm     .   z - +0 cloak
rCorr    .         Rampage  .   w - +0 pair of gloves
Will     .....                  (no boots)
Stlth    ..........             i - amulet of regeneration
HPRegen  0.61/turn              k - ring of poison resistance
MPRegen  0.10/turn              o - +6 ring of strength

@: no status effects
A: retaliatory headbutt, horns 2
a: no special abilities


You were on level 4 of the Dungeon.
You visited 1 branch of the dungeon, and saw 4 of its levels.

You collected 239 gold pieces.
You spent 117 gold pieces at shops.

Inventory:

Hand Weapons
 a - a +0 long sword (weapon)
 A - a +3 short sword
Missiles
 g - 9 boomerangs (quivered)
 s - 113 stones
Armour
 b - a +0 scale mail (worn)
 c - a +1 kite shield (worn)
 w - a +0 pair of gloves (worn)
 z - a +0 cloak (worn)
Jewellery
 i - an amulet of regeneration (around neck)
 k - a ring of poison resistance (left hand)
 o - a +6 ring of strength (right hand)
 u - an uncursed amulet of the acrobat
Wands
 e - a wand of disintegration (12)
 t - a wand of polymorph (2)
Scrolls
 l - a scroll of identify
 p - a scroll of immolation
 r - a scroll of blinking {unknown}
 v - 3 scrolls of amnesia
 x - a scroll of fog {unknown}
 y - a scroll of remove curse
Potions
 d - a potion of might
 f - a potion of curing {unknown}
 h - 2 potions of ambrosia
 j - 4 potions of heal wounds
 m - a potion of haste {unknown}
 n - a potion of degeneration {unknown}
 q - 2 potions of lignification


   Skills:
 * Level 7.1 Fighting
 + Level 4.9 Long Blades
 + Level 5.7 Armour
 + Level 5.8 Shields


You had 6 spell levels left.
You didn't know any spells.
Your spell library was empty.

Dungeon Overview and Level Annotations

Branches:
Dungeon (4/15)
 Temple: D:4-7

Altars:
Cheibriados
Kikubaaqudgha
Trog
Uskayaw
Yredelemnul

Shops:
D:4 !


Innate Abilities, Weirdness & Mutations

You reflexively headbutt those who attack you in melee.
You have a pair of horns on your head.


Message History

Found a scroll labelled ZUSIUPP JETOEV and a purple potion.
Found a potion of heal wounds and 16 arrows.
Really walk into a travel-excluded area? [Y]es or [N]o only, please.
Really walk into a travel-excluded area? [Y]es or [N]o only, please.
Really walk into a travel-excluded area? [Y]es or [N]o only, please.
Really walk into a travel-excluded area?
Okay, then.
Unknown command.
Really walk into a travel-excluded area?
Really walk into that cloud of flame?
Okay, then.
You are engulfed in blazing flames.
You are engulfed in blazing flames.
You are engulfed in blazing flames.
* * * LOW HITPOINT WARNING * * *
You are engulfed in blazing flames.
You die...

################.#
#.# #[# #.## #..##
#...# #§°§# #§§☼#
#@○§# #...#
.?!..§§ ##
○.!(..§§§. .#
§°.....○§°. .#
##########...#####
.# #....# #°§§# .#
#....# #§§☼# ##
#....#


There were no monsters in sight!

Vanquished Creatures
  The ghost of boben the Cutter, a novice KoFi (D:4)
  A bullfrog (D:4)
  A scorpion (D:4)
  An orc priest (D:3)
  An orc wizard (D:3)
  Crazy Yiuf (D:3)
  A howler monkey zombie (D:3)
  4 worker ant zombies (D:3)
  2 adders
  An adder skeleton (D:3)
  A worm (D:3)
  3 dart slugs (D:1)
  8 orcs
  6 giant cockroaches
  6 goblins
  6 hobgoblins
  11 jackals
  A quokka (D:3)
  A ball python (D:3)
  5 bats
  2 frilled lizards (D:2)
  4 kobolds (D:1)
  A leopard gecko skeleton (D:3)
  2 leopard gecko zombies (D:3)
  A quokka skeleton (D:4)
  7 rats
79 creatures vanquished.

Vanquished Creatures (others)
  A worker ant (D:4)
  A fungus (D:3)
2 creatures vanquished.

Grand Total: 81 creatures vanquished

Notes
Turn   | Place    | Note
-------+----------+-------------------------------------------
     0 | D:1      | heartgrenade the Minotaur Fighter began the quest for the
                  | Orb.
     0 | D:1      | Reached XP level 1. HP: 19/19 MP: 0/0
   132 | D:1      | Reached XP level 2. HP: 27/27 MP: 1/1
   267 | D:1      | Reached skill level 4 in Fighting
   554 | D:1      | Reached XP level 3. HP: 33/33 MP: 2/2
  1527 | D:3      | Reached XP level 4. HP: 41/41 MP: 3/3
  1540 | D:3      | Reached skill level 5 in Fighting
  1540 | D:3      | Reached XP level 5. HP: 48/48 MP: 4/4
  1575 | D:3      | Found an ancient bone altar of Kikubaaqudgha.
  1578 | D:3      | Found a basalt altar of Yredelemnul.
  1579 | D:3      | Found a bloodstained altar of Trog.
  1622 | D:3      | Noticed a +0 hand axe
  1626 | D:3      | Noticed a +0 hand axe
  1628 | D:3      | Found a hide-covered altar of Uskayaw.
  1911 | D:3      | Found a snail-covered altar of Cheibriados.
  2042 | D:3      | Found a runed translucent door.
  2043 | D:3      | Noticed Crazy Yiuf
  2049 | D:3      | Killed Crazy Yiuf
  2316 | D:4      | Found Veqezupp's Distillery.
  2319 | D:4      | Bought a potion of might for 52 gold pieces
  2319 | D:4      | Bought a potion of heal wounds for 65 gold pieces
  2625 | D:4      | Reached skill level 5 in Armour
  2625 | D:4      | Reached skill level 5 in Shields
  2625 | D:4      | Reached XP level 6. HP: 57/57 MP: 5/5
  2732 | D:4      | Reached skill level 6 in Fighting
  2786 | D:4      | Found a large runed translucent door.
  2786 | D:4      | Found a large runed translucent door.
  2788 | D:4      | Noticed boben's ghost (novice KoFi)
  2812 | D:4      | Killed boben's ghost
  2813 | D:4      | Reached skill level 7 in Fighting
  2813 | D:4      | Reached XP level 7. HP: 66/66 MP: 6/6
  2909 | D:4      | Engulfed by a cloud of flame

Illustrated notes

Levels and vault maps discovered:
D:1:      amcnicky_arrival_single_pillar, layout_loops_ring
D:2:      layout_loops_ring
D:3:      minmay_wonky_spiral, layout_basic, nicolae_overflow_hidden_temple,
          dancing_weapons_uskayaw, cheibriados_altar_1, serial_undead,
          serial_undead_d, serial_undead_f, serial_undead_a, serial_undead_a,
          serial_undead_e, uniq_crazy_yiuf_cottage
D:4:      layout_basic, ebering_ghost_disaster_area, serial_shops, shop,
          dk_noncrumbling_3, lemuel_flame_loot_1

Skill      XL: |  1  2  3  4  5  6 |
---------------+-------------------+-----
Shields        | 4 5 |  5.8
Fighting       | 4 5 7 |  7.1
Armour         | 4 5 |  5.7
Long Blades    | 3 4 |  4.9

Action                   |  1- 3 |  4- 6 |  7- 9 || total
-------------------------+-------+-------+-------++-------
Melee: Long sword        |    88 |   102 |       ||   190
       Headbutt          |    14 |    27 |       ||    41
Throw: Boomerang         |    19 |       |       ||    19
  Use: Potion            |     1 |     3 |       ||     4
       Scroll            |     1 |     7 |       ||     8
Armor: Scale mail        |    28 |    41 |       ||    69
Dodge: Dodged            |    23 |    22 |       ||    45
Block: Kite shield       |    34 |    43 |       ||    77
       Rpst.: Long sword |     4 |     8 |       ||    12
